 Dungeon Crawl Stone Soup version 0.25-a0-435-g4b9beb1024 (webtiles) character file.

Game seed: 4109745058012909545, levelgen mode: deterministic

3147 Elellon the Thaumaturge (level 9, -3/48 HPs)
             Began as a Deep Elf Conjurer on Jan 28, 2020.
             Was a Believer of Vehumet.
             Killed from afar by Maggie (9 damage)
             ... with a puff of flame
             ... on level 7 of the Dungeon.
             The game lasted 00:15:26 (9696 turns).

Elellon the Thaumaturge (Deep Elf Conjurer)         Turns: 9696, Time: 00:15:27

Health: -3/48      AC:  4    Str:  4    XL:     9   Next: 62%
Magic:  20/26      EV: 14    Int: 22    God:    Vehumet [**....]
Gold:   336        SH:  0    Dex: 15    Spells: 23/31 levels left

rFire    x . .     SeeInvis .   z - +3 rapier (freeze)
rCold    + . .     Gourm    .   (no shield)
rNeg     . . .     Faith    .   a - +0 robe
rPois    .         Spirit   .   (no helmet)
rElec    .         Reflect  .   h - +1 cloak
rCorr    +         Harm     .   (no gloves)
MR       +++..                  (no boots)
Stlth    ++........             (no amulet)
HPRegen  0.16/turn              b - ring of resist corrosion
MPRegen  0.20/turn              r - ring "Oriucab" {Ice MR+++ Str-3}

@: no status effects
A: no striking features
a: Renounce Religion


You were on level 7 of the Dungeon.
You worshipped Vehumet.
Vehumet was pleased with you.
You were not hungry.

You visited 2 branches of the dungeon, and saw 8 of its levels.
You also visited: Sewer.

You collected 336 gold pieces.

Inventory:

Hand Weapons
 z - a +3 rapier of freezing (weapon)
Missiles
 s - 23 poisoned darts (quivered)
Armour
 a - a +0 robe (worn)
 h - a +1 cloak (worn)
Jewellery
 b - a ring of resist corrosion (left hand)
 r - the ring "Oriucab" (right hand) {Ice MR+++ Str-3}
   (You found it on level 5 of the Dungeon)

   [ring of ice]

   It enhances your ice magic.
   It affects your strength (-3).
   It makes you vulnerable to fire.
   It protects you from cold.
   It affects your resistance to hostile enchantments.
Wands
 n - a wand of acid (7)
 p - a wand of iceblast (5)
 y - a wand of flame (24)
Scrolls
 g - 3 scrolls of identify
 i - 3 scrolls of remove curse
 j - 2 scrolls of enchant weapon
 l - 2 scrolls of fog
 t - a scroll of immolation {unknown}
 x - a scroll of amnesia {unknown}
 B - a scroll of enchant armour
Potions
 d - 2 potions of haste {unknown}
 e - 3 potions of brilliance {unknown}
 f - 5 potions of agility {unknown}
 k - 8 potions of heal wounds {unknown}
 m - 2 potions of might {unknown}
 o - 4 potions of cancellation {unknown}
 q - a potion of berserk rage {unknown}
 u - 3 potions of curing {unknown}
 v - a potion of invisibility {unknown}
 w - a potion of resistance {unknown}
 A - 3 potions of flight {unknown}
Comestibles
 c - 14 rations
 C - 13 chunks of flesh


   Skills:
 + Level 1.9 Fighting
 + Level 4.0 Dodging
 - Level 2.4 Stealth
 + Level 11.6 Spellcasting
 + Level 10.4 Conjurations
 * Level 4.0 Fire Magic


You had 23 spell levels left.
You knew the following spells:

 Your Spells              Type           Power        Failure   Level  Hunger
a - Magic Dart            Conj           ####         1%          1    None
b - Searing Ray           Conj           ######       1%          2    None
c - Iskenderun's Mystic   Conj/Tloc      #####...     6%          4    None
d - Foxfire               Conj/Fire      ####         1%          1    None

Your spell library contained the following spells:

 Spells                   Type           Power        Failure   Level  Hunger
 Dazzling Flash           Conj/Hex       #####.       1%          3    None
 Fulminant Prism          Conj/Hex       #####.....   6%          4    None


Dungeon Overview and Level Annotations

Branches:
Dungeon (7/15)             Temple (1/1) D:4           Sewer (visited)

Altars:
Ashenzari
Dithmenos
Elyvilon
Fedhas
Hepliaklqana
Kikubaaqudgha
Nemelex Xobeh
Okawaru
Qazlal
Ru
Trog
Uskayaw
Vehumet
Wu Jian
Xom
Yredelemnul
Zin
The Shining One

Shops:
D:7 (%%*

Annotations:
D:7 1 runed translucent door, Howlingfantods's ghost, novice MiFi; Maggie


Message History

Aiming: Searing Ray (safe; 1% risk of failure)
Press: ? - help, Shift-Dir - straight line, f - Maggie
Aim: Maggie, wielding a +0 war axe of flaming, wearing +0 swamp dragon scales and carrying a wand of flame (21)
The searing ray hits Maggie!
Maggie is moderately wounded. (Press . to maintain the ray.)
The searing ray misses Maggie.
The searing ray hits Maggie.
Maggie is moderately wounded.
Maggie points at you and mumbles some strange words.
The bolt of fire hits you!!! The fire burns you terribly!
Ouch! That really hurt!
* * * LOW HITPOINT WARNING * * *
Casting: Searing Ray (safe; 1% risk of failure)
Confirm with . or Enter, or press ? or * to list all spells.
You erupt in a blast of force!
The mystic blast hits Maggie!
Maggie is heavily wounded.
Maggie is knocked back by the mystic blast.
Maggie zaps a wand.
The puff of flame hits you! The fire burns you terribly!
You die...

........# #.# #.#
#.# #@# #.# #.#
#.# #@#
###########.#
#....)).....#
######.###########
..∩..#.# ####.#.#
.......# ####...#
.....#


You could see Maggie.

Vanquished Creatures
  Joseph (D:7)
  A hippogriff (D:7)
  Eustachio (D:4)
  2 water moccasins
  2 sky beasts
  3 ogres
  2 phantoms
  2 centaurs (D:7)
  5 big kobolds
  A scorpion (D:6)
  3 wights (D:7)
  A centaur zombie (D:6)
  3 crimson imps
  A hound (D:4)
  A quasit (D:6)
  3 orc priests (D:3)
  A bullfrog skeleton (D:6)
  5 orc wizards
  An iguana (D:4)
  3 worker ants (D:4)
  A hound zombie (D:5)
  A worker ant zombie (D:6)
  4 gnolls (D:2)
  16 adders
  7 river rats
  A shadow imp (D:5)
  2 oozes
  3 adder skeletons
  4 worms
  2 dart slugs (D:1)
  A leopard gecko (D:3)
  26 orcs
  7 ball pythons
  7 giant cockroaches
  6 goblins
  5 hobgoblins (D:1)
  7 jackals
  6 quokkas
  3 bats
  7 frilled lizards
  24 kobolds
  A quokka zombie (D:6)
  29 rats
212 creatures vanquished.

Notes
Turn   | Place    | Note
-------+----------+-------------------------------------------
     0 | D:1      | Elellon the Deep Elf Conjurer began the quest for the Orb.
     0 | D:1      | Reached XP level 1. HP: 10/10 MP: 6/6
   148 | D:1      | Reached XP level 2. HP: 15/15 MP: 2/8
   403 | D:1      | Learned a level 2 spell: Searing Ray
   537 | D:1      | Reached skill level 4 in Spellcasting
   750 | D:1      | Reached XP level 3. HP: 19/19 MP: 8/10
   769 | D:1      | Reached skill level 5 in Conjurations
  1324 | D:2      | Reached XP level 4. HP: 24/24 MP: 7/12
  1516 | D:2      | Reached skill level 5 in Spellcasting
  2337 | D:3      | Reached XP level 5. HP: 28/28 MP: 10/14
  2398 | D:3      | Learned a level 4 spell: Iskenderun's Mystic Blast
  2556 | D:3      | Found a glowing drain.
  2568 | Sewer    | Entered a sewer
  2706 | Sewer    | Reached skill level 6 in Spellcasting
  2802 | Sewer    | Reached XP level 6. HP: 14/32 MP: 7/17
  3743 | D:3      | Reached skill level 7 in Spellcasting
  3767 | D:3      | Found an ornate altar of the Wu Jian Council.
  3897 | D:3      | Found a blossoming altar of Fedhas.
  3903 | D:3      | Found a basalt altar of Yredelemnul.
  3903 | D:3      | Found a glowing golden altar of the Shining One.
  3903 | D:3      | Found a sparkling altar of Nemelex Xobeh.
  3904 | D:3      | Found a hide-covered altar of Uskayaw.
  4258 | D:3      | Reached XP level 7. HP: 36/36 MP: 12/19
  4644 | D:4      | Found a staircase to the Ecumenical Temple.
  4653 | Temple   | Entered the Ecumenical Temple
  4671 | Temple   | Became a worshipper of Vehumet
  4770 | D:4      | Reached skill level 8 in Spellcasting
  5447 | D:4      | Noticed Eustachio
  5451 | D:4      | Killed Eustachio
  5451 | D:4      | Reached skill level 9 in Spellcasting
  5451 | D:4      | Reached XP level 8. HP: 41/41 MP: 18/23
  5857 | D:5      | Entered Level 5 of the Dungeon
  6064 | D:5      | Reached * piety under Vehumet
  6064 | D:5      | Offered knowledge of Sandblast by Vehumet.
  6608 | D:5      | Reached skill level 10 in Spellcasting
  6806 | D:5      | Found a glowing golden altar of the Shining One.
  6995 | D:5      | Got a coiled pewter ring
  7969 | D:6      | Found a sacrificial altar of Ru.
  8247 | D:7      | Found Vegan's Food Boutique.
  8271 | D:7      | Reached skill level 11 in Spellcasting
  8271 | D:7      | Reached skill level 10 in Conjurations
  8278 | D:7      | Offered knowledge of Foxfire by Vehumet.
  8278 | D:7      | Reached XP level 9. HP: 40/45 MP: 17/26
  8319 | D:6      | Learned a level 1 spell: Foxfire
  8435 | D:7      | Found Caredd's Weapon Shoppe.
  8443 | D:7      | Reached ** piety under Vehumet
  8539 | D:7      | Reached skill level 1 in Fire Magic
  8781 | D:7      | Reached skill level 1 in Fighting
  9045 | D:7      | Noticed Joseph
  9056 | D:7      | Killed Joseph
  9450 | D:7      | Found Pavaicestro's Assorted Antiques.
  9575 | D:7      | Found a runed translucent door.
  9576 | D:7      | Identified the ring "Oriucab" {Ice MR+++ Str-3} (You found
                  | it on level 5 of the Dungeon)
  9578 | D:7      | Noticed Howlingfantods's ghost (novice MiFi)
  9583 | D:7      | Found Neywudai's Food Shoppe.
  9685 | D:7      | Noticed Maggie
  9696 | D:7      | Killed from afar by Maggie

Levels and vault maps discovered:
D:1:      dpeg_arrival_simpleton_c, layout_loops_ring
D:2:      layout_basic, first_ration, hex_tiny, minmay_split_cup_small
D:3:      layout_basic, grunt_temple_overflow_open,
          cheibrodos_sewer_entry_sluice
D:4:      layout_basic, minmay_temple_entry_slanted, minmay_misc_feat_square,
          corexii_corridor_pit, uniq_eustachio
D:5:      layout_basic, nicolae_tso_carved_into_rock
D:6:      layout_loops_ring, nicolae_ru_path_of_blood
D:7:      layout_basic, overflow_temple_1_default, serial_shops,
          nicolae_shop_behind_doors, nicolae_shop_overgrown_old_shop,
          shop_fountains, shop, hellmonk_ghost_happy_afterlife,
          minmay_unpleasant_kobolds, uniq_joseph, uniq_maggie
Temple:   eino_temple_lava

Skill      XL: |  1  2  3  4  5  6  7  8  9 |
---------------+----------------------------+-----
Spellcasting   | 4 5 6 7 9 11 | 11.6
Conjurations   | 5 6 7 8 10 | 10.4
Fire Magic     | 4 |  4.0
Fighting       | 1 |  1.9
Dodging        | 4 |  4.0
Stealth        | |  2.4

Action                   |  1- 3 |  4- 6 |  7- 9 || total
-------------------------+-------+-------+-------++-------
 Cast: Magic Dart        |    65 |   134 |   112 ||   311
       Searing Ray       |     2 |    16 |    58 ||    76
       Iskenderun's Myst |       |       |     2 ||     2
  Use: Scroll            |       |       |     9 ||     9
  Eat: Chunk             |     1 |     9 |    16 ||    26
Armor: Robe              |     1 |     2 |     9 ||    12
Dodge: Dodged            |     6 |    14 |    36 ||    56

Table legend:
 A = Non-vault XP
 B = Vault XP
 C = Vault XP percentage of total XP
 D = Non-vault monster count
 E = Vault monster count
 F = Vault count percentage of total count
                 A         B        C        D         E       F
            +---------+---------+-------+---------+---------+-------
      Total |    3186 |    1310 |  29.1 |     151 |      61 |  28.8
            +---------+---------+-------+---------+---------+-------
        D:1 |      57 |       0 |   0.0 |      28 |       0 |   0.0
        D:2 |     117 |      18 |  13.3 |      17 |       3 |  15.0
        D:3 |     200 |      20 |   9.1 |      27 |       3 |  10.0
        D:4 |     559 |     191 |  25.5 |      17 |       1 |   5.6
        D:5 |     567 |       0 |   0.0 |      23 |       0 |   0.0
        D:6 |     551 |       0 |   0.0 |      19 |       0 |   0.0
        D:7 |    1135 |     736 |  39.3 |      20 |       6 |  23.1
      Sewer |       0 |     345 | 100.0 |       0 |      48 | 100.0
            +---------+---------+-------+---------+---------+-------
